 Dungeon Crawl Stone Soup version 0.26-a0-808-g930a2b7adc (webtiles) character file.

Game seed: 3400692579066761991

79 Morbidden the Firebug (level 4, -16/32 HPs)
             Began as a Demonspawn Fire Elementalist on Nov 12, 2020.
             Demolished by an ogre
             ... wielding a +0 giant club
              (26 damage)
             ... on level 2 of the Dungeon.
             The game lasted 00:01:33 (2082 turns).

Morbidden the Firebug (DsFE)                        Turns: 2082, Time: 00:01:34

Health: -16/32     AC:  6    Str:  8    XL:     4   Next: 16%
Magic:  4/8        EV: 12    Int: 17    God:
Gold:   96         SH:  0    Dex: 14    Spells: 7/8 levels left

rFire    . . .     SeeInvis .   (no weapon)
rCold    . . .     Faith    .   (no shield)
rNeg     . . .     Spirit   .   a - +0 robe
rPois    .         Reflect  .   c - +1 hat
rElec    .         Harm     .   (no cloak)
rCorr    .         Rampage  .   b - +0 pair of gloves
MR       .....                  (no boots)
Stlth    ++........             (no amulet)
HPRegen  0.10/turn              (no ring)
MPRegen  0.11/turn              (no ring)

@: no status effects
A: icy blue scales 1, spiny 1
a: no special abilities


You were on level 2 of the Dungeon.
You visited 1 branch of the dungeon, and saw 2 of its levels.

You collected 96 gold pieces.

Inventory:

Armour
 a - a +0 robe (worn)
 b - a +0 pair of gloves (worn)
 c - a +1 hat (worn)
Jewellery
 f - a +6 ring of intelligence {unknown}
Scrolls
 d - a scroll of magic mapping {unknown}
Potions
 e - a potion of magic {unknown}
 g - a potion of berserk rage {unknown}
 h - a potion of degeneration {unknown}


   Skills:
 * Level 1.6 Fighting
 + Level 1.9 Dodging
 + Level 2.1 Stealth
 + Level 0.6 Unarmed Combat
 * Level 2.7 Spellcasting
 + Level 1.5 Conjurations
 + Level 3.0 Fire Magic


You had 7 spell levels left.
You knew the following spells:

 Your Spells              Type           Power        Failure   Level
a - Foxfire               Conj/Fire      ##..         7%          1

Your spell library contained the following spells:

 Spells                   Type           Power        Failure   Level
 Conjure Flame            Conj/Fire      ##......     22%         3
 Inner Flame              Hex/Fire       #.......     28%         3
 Sticky Flame             Conj/Fire      ##......     56%         4
 Fireball                 Conj/Fire      ##........   89%         5


Dungeon Overview and Level Annotations

Branches:
Dungeon (2/15)

Altars:
Dithmenos


Innate Abilities, Weirdness & Mutations

You are partially covered in icy blue scales. (AC +2)
You are partially covered in sharp spines.


Message History

Confirm with . or Enter, or press ? or * to list all spells.
You conjure some foxfire!
The foxfire hits the ogre.
The ogre is heavily wounded.
The foxfire hits the ogre but does no damage.
The ogre is heavily wounded.
Casting: Foxfire (safe; 7% risk of failure)
Confirm with . or Enter, or press ? or * to list all spells.
You conjure some foxfire!
The foxfire hits the ogre.
The ogre is severely wounded.
The ogre hits you with a +0 giant club!!
Ouch! That really hurt!
Casting: Foxfire (safe; 7% risk of failure)
Confirm with . or Enter, or press ? or * to list all spells.
You conjure some foxfire!
The ogre barely misses you.
The foxfire hits the ogre.
The ogre is severely wounded.
The ogre hits you with a +0 giant club!!
Ouch! That really hurt!
You die...

# # ###############
..............# ##
#.####..#####.#####!..#
#.####..# #..v@.....#
.....#..# #####O......
#.......# .##.##.
#.......# .# #
..##.#### .# ...#.## .#
......# .. ......## ##
........


You could see an ogre.

Vanquished Creatures
  Jessica (D:2)
  An adder (D:2)
  A worm (D:2)
  2 dart slugs
  5 giant cockroaches
  7 goblins
  3 hobgoblins (D:1)
  2 kobolds
  A quokka (D:2)
  5 bats (D:1)
  2 frilled lizards
  7 rats
37 creatures vanquished.

Vanquished Creatures (others)
  152 foxfires
152 creatures vanquished.

Grand Total: 189 creatures vanquished

Notes
Turn   | Place    | Note
-------+----------+-------------------------------------------
     0 | D:1      | Morbidden the Demonspawn Fire Elementalist began the quest
                  | for the Orb.
     0 | D:1      | Reached XP level 1. HP: 13/13 MP: 3/3
   419 | D:1      | Gained mutation: You are partially covered in icy blue
                  | scales. (AC +2) [demonic ancestry]
   419 | D:1      | Reached XP level 2. HP: 14/19 MP: 0/5
  1072 | D:1      | Reached skill level 1 in Fighting
  1574 | D:2      | Found a shadowy altar of Dithmenos.
  1579 | D:2      | Gained mutation: You are partially covered in sharp spines.
                  | [demonic ancestry]
  1579 | D:2      | Reached XP level 3. HP: 26/26 MP: 3/6
  1636 | D:2      | Noticed Jessica
  1645 | D:2      | Killed Jessica
  1645 | D:2      | Reached skill level 3 in Fire Magic
  1983 | D:2      | Reached XP level 4. HP: 30/32 MP: 4/8
  2072 | D:2      | Noticed an ogre
  2082 | D:2      | Demolished by an ogre

Illustrated notes

Levels and vault maps discovered:
D:1:      dpeg_arrival_stone_temple_mockup, layout_loops_ring,
          nrook_mini_backslash, st_stairs_7, kennysheep_doodads,
          minmay_tiny_reverse_x
D:2:      layout_loops_cross, lemuel_crystal_altar,
          nemelex_diamond_rough_becter, uniq_terence, uniq_robin, uniq_jessica

Skill      XL: |  1  2  3 |
---------------+----------+-----
Stealth        | 2 |  2.1
Fighting       | 1 |  1.6
Fire Magic     | 3 |  3.0
Dodging        | |  1.9
Unarmed Combat | |  0.6
Spellcasting   | |  2.7
Conjurations   | |  1.5

Action                   |  1- 3 |  4- 6 || total
-------------------------+-------+-------++-------
Melee: Unarmed           |    36 |       ||    36
 Cast: Foxfire           |    96 |     9 ||   105
Armor: Robe              |    26 |       ||    26
Dodge: Dodged            |    52 |     1 ||    53

Table legend: (Time is in decaauts)
 A = Elapsed time spent in this place.
 B = Non-inter-level travel time spent in this place.
 C = Inter-level travel time spent in this place.
 D = Time resting spent in this place.
 E = Time spent auto-exploring this place.
 F = Levels seen in this place.
 G = Mean time per level.
                   A        B        C        D        E       F      G
               +--------+--------+--------+--------+--------+-----+--------+
         Total |   2081 |   2045 |     36 |     42 |   1641 |   2 | 1040.5 |
       Dungeon |   2081 |   2045 |     36 |     42 |   1641 |   2 | 1040.5 |
               +--------+--------+--------+--------+--------+-----+--------+

Top non-repeatable levels by time:
     D:1: 1549 daAuts
     D:2: 532 daAuts
